 Dungeon Crawl Stone Soup version 0.24.0-2-g5b39cebb1c (console) character file.

Game seed: 7294570698749569979, levelgen mode: deterministic

3265 Kagalorn the Thaumaturge (level 10, -1/73 HPs)
             Began as a Gnoll Wizard on Oct 31, 2019.
             Was a Follower of Ashenzari.
             Killed by nerve-wracking pain
             ... invoked by an orc priest
              (5 damage)
             ... on level 7 of the Dungeon.
             The game lasted 00:33:54 (7812 turns).

Kagalorn the Thaumaturge (Gnoll Wizard)             Turns: 7812, Time: 00:33:54

Health: -1/73      AC:  7    Str: 13    XL:     10   Next: 0%
Magic:  4/22       EV: 14    Int: 25    God:    Ashenzari [*.....]
Gold:   475        SH:  0    Dex: 11    Spells: 20/26 levels left

rFire    + + +     SeeInvis .   a - +4 quarterstaff {flame, rPois rF++ rN+ Dex-2} (curse)
rCold    . . .     Gourm    .   (shield currently unavailable)
rNeg     + . .     Faith    .   M - +0 leather armour {rF+}
rPois    +         Spirit   .   b - +0 hat
rElec    .         Reflect  .   u - +0 cloak {rPois}
rCorr    .         Harm     .   F - +0 pair of gloves
MR       .....                  E - +0 pair of boots
Stlth    +++.......             (no amulet)
HPRegen  0.22/turn              B - +4 ring of strength
MPRegen  0.18/turn              (no ring)

@: about to teleport
A: distributed training, fangs 1, strong nose
a: Curse Item, Scrying, Renounce Religion


You were on level 7 of the Dungeon.
You worshipped Ashenzari.
Ashenzari was aware of your devotion.
You were not hungry.

You visited 2 branches of the dungeon, and saw 8 of its levels.

You collected 475 gold pieces.

Inventory:

Hand Weapons
 a - the cursed +4 quarterstaff "Xehiw" (weapon) {flame, rPois rF++ rN+ Dex-2}
   (You found it on level 5 of the Dungeon)

   It has been specially enchanted to burn those struck by it, causing extra
   injury to most foes and up to half again as much damage against particularly
   susceptible opponents.
   It affects your dexterity (-2).
   It greatly protects you from fire.
   It protects you from poison.
   It protects you from negative energy.
   It has a curse placed upon it.
 l - a +0 hand axe
 q - a +1 mace of holy wrath
 s - a +2 mace of crushing
 t - a +3 quarterstaff of chaos
 x - a +0 flail
 y - a +0 shortbow
Missiles
 f - 312 stones
 g - 144 arrows
 n - 55 sling bullets
 p - 81 bolts
 v - 5 javelins (quivered)
Armour
 b - a +0 hat (worn)
 c - a +0 ring mail
 u - a +0 cloak of poison resistance (worn)
 E - a +0 pair of boots (worn)
 F - a +0 pair of gloves (worn)
 M - a +0 leather armour of fire resistance (worn)
Jewellery
 B - a +4 ring of strength (left hand)
Wands
 w - a wand of disintegration (12)
 J - a wand of random effects (19)
 K - a wand of digging (3)
Scrolls
 e - 2 scrolls of remove curse
 h - 2 scrolls of enchant armour {unknown}
 i - 5 scrolls of teleportation
 j - a scroll of enchant weapon {unknown}
 C - a scroll of noise {unknown}
 I - 2 scrolls of fear {unknown}
Potions
 k - a potion of might {unknown}
 m - 2 potions of ambrosia
 o - 2 potions of curing
 r - 2 potions of flight
 z - a potion of magic
 A - 2 potions of resistance
 D - a potion of invisibility
 G - a potion of haste {unknown}
 H - 2 potions of heal wounds
Comestibles
 d - 9 rations


   Skills:
 + Level 4.7 Fighting
 + Level 4.7 Short Blades
 + Level 4.7 Long Blades
 + Level 4.7 Axes
 + Level 4.7 Maces & Flails
 + Level 4.7 Polearms
 + Level 4.7 Staves
 + Level 4.7 Slings
 + Level 4.7 Bows
 + Level 4.7 Crossbows
 + Level 4.7 Throwing
 + Level 4.7 Armour
 + Level 6.6 Dodging
 + Level 6.3 Stealth
 + Level 4.7 Shields
 + Level 4.7 Unarmed Combat
 + Level 8.6 Spellcasting
 + Level 4.4 Conjurations
 + Level 3.9 Hexes
 + Level 3.9 Charms
 + Level 4.4 Summonings
 + Level 3.9 Necromancy
 + Level 4.4 Translocations
 + Level 3.9 Transmutations
 + Level 3.9 Fire Magic
 + Level 3.9 Ice Magic
 + Level 3.9 Air Magic
 + Level 3.9 Earth Magic
 + Level 3.9 Poison Magic
 + Level 5.1 Invocations
 + Level 4.7 Evocations


You had 20 spell levels left.
You knew the following spells:

 Your Spells              Type           Power        Failure   Level  Hunger
a - Magic Dart            Conj           ####         1%          1    None
d - Conjure Flame         Conj/Fire      ####....     3%          3    None
e - Blink                 Tloc           N/A          1%          2    None

Your spell library contained the following spells:

 Spells                   Type           Power        Failure   Level  Hunger
 Call Imp                 Summ           ####....     1%          2    None
 Slow                     Hex            ####....     2%          2    None
 Mephitic Cloud           Conj/Pois/Air  ####....     3%          3    None


Dungeon Overview and Level Annotations

Branches:
Dungeon (7/15)             Temple (1/1) D:7

Altars:
Ashenzari
Cheibriados
Dithmenos
Elyvilon
Fedhas
Gozag
Hepliaklqana
Kikubaaqudgha
Makhleb
Nemelex Xobeh
Okawaru
Qazlal
Ru
Sif Muna
Trog
Uskayaw
Vehumet
Wu Jian
Xom
Yredelemnul
Zin
The Shining One

Shops:
D:4 (   D:5 [


Innate Abilities, Weirdness & Mutations

Your experience applies equally to all skills.
You have very sharp teeth.
Your uncanny sense of smell can sniff out nearby items.


Message History

* * * LOW HITPOINT WARNING * * *
The orc priest hits you but does no damage.
Casting: Magic Dart (safe; 1% risk of failure)
Confirm with . or Enter, or press ? or * to list all spells.
Aiming: Magic Dart (safe; 1% risk of failure)
Press: ? - help, Shift-Dir - straight line, f/p - orc priest
Aim: an orc priest, wielding a +0 mace and wearing a +0 leather armour (severely wounded)
The magic dart hits the orc priest but does no damage.
The orc priest is severely wounded.
The orc priest completely misses you.
Casting: Magic Dart (safe; 1% risk of failure)
Confirm with . or Enter, or press ? or * to list all spells.
Aiming: Magic Dart (safe; 1% risk of failure)
Press: ? - help, Shift-Dir - straight line, f/p - orc priest
Aim: an orc priest, wielding a +0 mace and wearing a +0 leather armour (severely wounded)
The magic dart hits the orc priest.
The orc priest is almost dead.
The orc priest invokes the aid of Beogh against you.
Pain shoots through your body!
You die...

##.......#
#.###.#.#
.#.......#
#....)..#
.#.......#
##....###
.##....###
#.####
###....#
#####.####
.##....#
#....)...#
.##....#
#.###.##.#
..#....#
#.#...# ..
#.#....#
#@#O### .#
#..#.###
#o#.# #
##.#.#
#oo.#
##...#
###.#
..#..#
....
#.#..## .
##..#
......#..
....
..#.>....
∆ .....
..#......∆
.##..


You could see 3 orc priests.

Vanquished Creatures
  A hippogriff (D:7)
  Sigmund (D:3)
  Eustachio (D:4)
  5 sky beasts
  2 orc warriors
  4 phantoms
  An ogre (D:7)
  3 centaurs (D:5)
  A crocodile (D:6)
  3 bullfrogs
  A wyvern zombie (D:6)
  2 scorpions
  A howler monkey (D:4)
  3 crimson imps (D:5)
  Crazy Yiuf (D:3)
  A quasit (D:7)
  A bullfrog skeleton (D:5)
  An orc priest (D:7)
  2 hounds (D:5)
  3 iguanas (D:5)
  Terence (D:3)
  6 orc wizards
  6 worker ants
  A hound skeleton (D:7)
  2 hound zombies
  A worker ant zombie (D:5)
  4 gnolls (D:4)
  9 adders
  2 oozes
  5 adder skeletons
  A worm (D:4)
  4 dart slugs
  5 leopard geckos
  26 orcs
  2 giant cockroaches
  8 goblins
  6 hobgoblins (D:3)
  13 jackals
  2 quokkas (D:6)
  A ball python (D:4)
  4 bats
  4 frilled lizards
  A jackal skeleton (D:4)
  6 kobolds
  5 rats
163 creatures vanquished.

Vanquished Creatures (others)
  An orc (D:7)
1 creature vanquished.

Grand Total: 164 creatures vanquished

Notes
Turn   | Place    | Note
-------+----------+-------------------------------------------
     0 | D:1      | Kagalorn the Gnoll Wizard began the quest for the Orb.
     0 | D:1      | Reached XP level 1. HP: 13/13 MP: 8/8
   244 | D:1      | Reached XP level 2. HP: 19/19 MP: 3/10
   933 | D:2      | Reached XP level 3. HP: 25/25 MP: 9/11
  1036 | D:2      | Learned a level 2 spell: Blink
  1040 | D:2      | Learned a level 3 spell: Conjure Flame
  1125 | D:2      | Reached skill level 1 in Invocations
  1349 | D:2      | Reached skill level 1 in Fighting
  1349 | D:2      | Reached skill level 1 in Short Blades
  1349 | D:2      | Reached skill level 1 in Long Blades
  1349 | D:2      | Reached skill level 1 in Axes
  1349 | D:2      | Reached skill level 1 in Maces & Flails
  1349 | D:2      | Reached skill level 1 in Polearms
  1349 | D:2      | Reached skill level 1 in Staves
  1349 | D:2      | Reached skill level 1 in Slings
  1349 | D:2      | Reached skill level 1 in Bows
  1349 | D:2      | Reached skill level 1 in Crossbows
  1349 | D:2      | Reached skill level 1 in Throwing
  1349 | D:2      | Reached skill level 1 in Armour
  1349 | D:2      | Reached skill level 1 in Shields
  1349 | D:2      | Reached skill level 1 in Unarmed Combat
  1349 | D:2      | Reached skill level 1 in Evocations
  1656 | D:3      | Reached XP level 4. HP: 29/32 MP: 2/13
  1908 | D:3      | Noticed Terence
  1935 | D:3      | Killed Terence
  1935 | D:3      | Reached skill level 1 in Hexes
  1935 | D:3      | Reached skill level 1 in Charms
  1935 | D:3      | Reached skill level 1 in Necromancy
  1935 | D:3      | Reached skill level 1 in Transmutations
  1935 | D:3      | Reached skill level 1 in Fire Magic
  1935 | D:3      | Reached skill level 1 in Ice Magic
  1935 | D:3      | Reached skill level 1 in Air Magic
  1935 | D:3      | Reached skill level 1 in Earth Magic
  1935 | D:3      | Reached skill level 1 in Poison Magic
  1972 | D:3      | Noticed Sigmund
  2197 | D:4      | Reached XP level 5. HP: 37/37 MP: 5/14
  2354 | D:3      | Killed Sigmund
  2354 | D:3      | Reached XP level 6. HP: 38/44 MP: 0/16
  2421 | D:3      | Found a runed translucent door.
  2422 | D:3      | Noticed Crazy Yiuf
  2517 | D:3      | Killed Crazy Yiuf
  2517 | D:3      | Reached skill level 5 in Dodging
  2893 | D:4      | Noticed Eustachio
  3468 | D:4      | Killed Eustachio
  3468 | D:4      | Reached XP level 7. HP: 21/51 MP: 3/18
  3709 | D:4      | Found Moxteg's Weapon Emporium.
  3817 | D:4      | Found a shattered altar of Ashenzari.
  3817 | D:4      | Found a shimmering altar of Xom.
  3818 | D:4      | Found a sparkling altar of Nemelex Xobeh.
  3824 | D:4      | Became a worshipper of Ashenzari the Shackled
  4030 | D:5      | Entered Level 5 of the Dungeon
  4122 | D:5      | Reached skill level 5 in Stealth
  4314 | D:5      | Got the quarterstaff "Xehiw" {flame, rPois rF++ rN+ Dex-2}
  4315 | D:5      | Identified the +4 quarterstaff "Xehiw" {flame, rPois rF++
                  | rN+ Dex-2} (You found it on level 5 of the Dungeon)
  4338 | D:5      | Reached XP level 8. HP: 57/57 MP: 17/19
  4622 | D:5      | Found Ushaits's Armour Emporium.
  5096 | D:5      | Reached skill level 8 in Spellcasting
  5880 | D:6      | Reached XP level 9. HP: 64/65 MP: 15/21
  6120 | D:6      | Reached * piety under Ashenzari
  6594 | D:6      | Found a snail-covered altar of Cheibriados.
  6595 | D:6      | Found a basalt altar of Yredelemnul.
  6980 | D:7      | Found a staircase to the Ecumenical Temple.
  7221 | Temple   | Entered the Ecumenical Temple
  7412 | D:7      | Found a stormy altar of Qazlal.
  7426 | D:7      | Reached skill level 5 in Invocations
  7784 | D:7      | Reached XP level 10. HP: 67/73 MP: 14/22
  7812 | D:7      | Killed from afar by an orc priest

Levels and vault maps discovered:
D:1:      tarquinn_simple_flora_water_a, layout_basic
D:2:      layout_loops_ring, serial_bayou_pond_c
D:3:      layout_rooms, first_ration, minmay_goblin_kobold_house, uniq_terence,
          uniq_sigmund, uniq_crazy_yiuf_cottage
D:4:      layout_basic, gammafunk_temple_overflow_claw, serial_shops,
          kennysheep_little_box, uniq_eustachio
D:5:      layout_basic, serial_shops, shop_fountains, minmay_quadrilaterals
D:6:      layout_loops_cross, minitemple, kennysheep_dice
D:7:      layout_basic, nicolae_qazlal_general_emergency, temple_pool_b
Temple:   compressed_dpeg_circular_temple

Skill      XL: |  1  2  3  4  5  6  7  8  9 |
---------------+----------------------------+-----
Conjurations   | 2 3 4 |  4.4
Summonings     | 2 3 4 |  4.4
Translocations | 2 3 4 |  4.4
Invocations    | 1 2 3 4 5 |  5.1
Fighting       | 1 2 3 4 |  4.7
Short Blades   | 1 2 3 4 |  4.7
Long Blades    | 1 2 3 4 |  4.7
Axes           | 1 2 3 4 |  4.7
Maces & Flails | 1 2 3 4 |  4.7
Polearms       | 1 2 3 4 |  4.7
Staves         | 1 2 3 4 |  4.7
Slings         | 1 2 3 4 |  4.7
Bows           | 1 2 3 4 |  4.7
Crossbows      | 1 2 3 4 |  4.7
Throwing       | 1 2 3 4 |  4.7
Armour         | 1 2 3 4 |  4.7
Shields        | 1 2 3 4 |  4.7
Unarmed Combat | 1 2 3 4 |  4.7
Evocations     | 1 2 3 4 |  4.7
Hexes          | 1 2 3 |  3.9
Charms         | 1 2 3 |  3.9
Necromancy     | 1 2 3 |  3.9
Transmutations | 1 2 3 |  3.9
Fire Magic     | 1 2 3 |  3.9
Ice Magic      | 1 2 3 |  3.9
Air Magic      | 1 2 3 |  3.9
Earth Magic    | 1 2 3 |  3.9
Poison Magic   | 1 2 3 |  3.9
Dodging        | 5 6 |  6.6
Stealth        | 5 6 |  6.3
Spellcasting   | 8 |  8.6

Action                   |  1- 3 |  4- 6 |  7- 9 | 10-12 || total
-------------------------+-------+-------+-------+-------++-------
Melee: Unarmed           |     4 |       |       |       ||     4
       Hand axe          |     4 |    34 |       |       ||    38
       Bite              |     1 |     6 |     6 |       ||    13
       Mace              |       |    14 |    16 |       ||    30
       Flail             |       |     5 |       |       ||     5
       Quarterstaff      |       |       |   130 |       ||   130
 Cast: Magic Dart        |    68 |   124 |   346 |    16 ||   554
       Conjure Flame     |     1 |    11 |    19 |       ||    31
Invok: Curse Item        |       |       |     1 |       ||     1
  Use: Potion            |       |     1 |       |       ||     1
       Scroll            |       |       |     7 |     1 ||     8
 Stab: Sleeping          |       |       |     1 |       ||     1
       Distracted        |       |       |     1 |       ||     1
  Eat: Chunk             |     1 |     3 |    10 |       ||    14
       Ration            |       |     1 |     1 |       ||     2
Armor: Robe              |     5 |    10 |    41 |       ||    56
       Leather armour    |       |       |    11 |     2 ||    13
Dodge: Dodged            |    22 |    76 |   136 |     3 ||   237
